 Dungeon Crawl Stone Soup version 0.27-a0-1456-gf5a116941d (webtiles) character file.

Game seed: 17197905649142192865

3 Kinoniko the Slasher (level 1, 0/17 HPs)
             Began as a Draconian Gladiator on July 6, 2021.
             Slain by a quokka (2 damage)
             ... on level 1 of the Dungeon.
             The game lasted 00:00:39 (49 turns).

Kinoniko the Slasher (Draconian Gladiator)            Turns: 49, Time: 00:00:39

Health: 0/17       AC:  4    Str: 16    XL:     1   Next: 41%
Magic:  1/1        EV: 12    Int:  8    God:
Gold:   0          SH:  0    Dex: 12    Spells: 0/0 levels left

rFire    . . .     SeeInvis .   a - +0 long sword
rCold    . . .     Faith    .   (no shield)
rNeg     . . .     Spirit   .   (armour unavailable)
rPois    .         Reflect  .   b - +0 hat
rElec    .         Harm     .   (no cloak)
rCorr    .         Rampage  .   (no gloves)
Will     .....                  (no boots)
Stlth    +.........             (no amulet)
HPRegen  0.05/turn              (no ring)
MPRegen  0.07/turn              (no ring)

@: no status effects
A: AC +4, unfitting armour, cold-blooded
a: no special abilities


You were on level 1 of the Dungeon.
You visited 1 branch of the dungeon, and saw 1 of its levels.

Inventory:

Hand Weapons
 a - a +0 long sword (weapon)
Missiles
 c - 3 throwing nets (quivered)
Armour
 b - a +0 hat (worn)
Scrolls
 d - a scroll of identify {unknown}


   Skills:
 - Level 2.1 Fighting
 * Level 3.2 Long Blades
 - Level 1.7 Throwing
 - Level 2.6 Dodging


You couldn't memorise any spells.
You didn't know any spells.
Your spell library was empty.

Dungeon Overview and Level Annotations

Branches:
Dungeon (1/15)

Altars:


Innate Abilities, Weirdness & Mutations

Your plain brown scales are hard. (AC +4)
You cannot fit into any form of body armour.
You are cold-blooded and may be slowed by cold attacks.


Message History

An endoplasm comes into view.
The endoplasm quivers.
You slash the jackal!
You kill the jackal!
The quokka bites you. The jackal completely misses you. The quokka bites you.
You hit the jackal.
The jackal is lightly wounded.
The jackal bites you but does no damage.
The quokka completely misses you. The jackal bites you.
You closely miss the jackal. You tail-slap the jackal.
The jackal is moderately wounded.
The jackal bites you but does no damage.
The quokka barely misses you. The jackal closely misses you.
The quokka closely misses you.
You barely miss the jackal.
The jackal is moderately wounded.
The jackal closely misses you. The quokka closely misses you.
You closely miss the jackal.
The jackal is lightly wounded.
The jackal bites you. The quokka closely misses you. The jackal bites you.
* * * LOW HITPOINT WARNING * * *
You are too injured to fight recklessly!
You are too injured to fight recklessly!
You are too injured to fight recklessly!
You are too injured to fight recklessly!
You are too injured to fight recklessly!
You are too injured to fight recklessly!
You are too injured to fight recklessly!
You are too injured to fight recklessly!
You are too injured to fight recklessly!
You are too injured to fight recklessly!
The quokka closely misses you. The quokka bites you.
* * * LOW HITPOINT WARNING * * *
The jackal bites you but does no damage.
You slash the jackal!
You kill the jackal!
The endoplasm jiggles.
The jackal misses you.
You riposte.
You closely miss the jackal.
Your tail-slap misses the jackal.
The quokka bites you.
You die...

..[...
#....#
#....#
#....#
#....#
#...?#
#....#
#..h.# #
###..r@#.#
+..#'#h..#
##.#.#†###
#....#J#
#..###.#
#..###.#
#....#..
#..†.###
#########
#....#


You could see an endoplasm, a quokka and 2 jackals.

Vanquished Creatures
  2 jackals (D:1)
  A frilled lizard (D:1)
3 creatures vanquished.

Notes
Turn   | Place    | Note
-------+----------+-------------------------------------------
     0 | D:1      | Kinoniko the Draconian Gladiator began the quest for the
                  | Orb.
     0 | D:1      | Reached XP level 1. HP: 17/17 MP: 1/1
    49 | D:1      | Slain by a quokka

Illustrated notes

Levels and vault maps discovered:
D:1:      mainiacjoe_arrival_reflecting_pool, layout_basic, serial_shops, shop,
          kennysheep_nondescript, minmay_pentomino_q2

Action                   || total
-------------------------++-------
Melee: Long sword        ||     8
       Tailslap          ||     2
Armor: Skin              ||     4
Dodge: Dodged            ||    12
       Rpst.: Long sword ||     1

Table legend: (Time is in decaauts)
 A = Elapsed time spent in this place.
 B = Non-inter-level travel time spent in this place.
 C = Inter-level travel time spent in this place.
 D = Time resting spent in this place.
 E = Time spent auto-exploring this place.
 F = Levels seen in this place.
 G = Mean time per level.
                   A        B        C        D        E       F      G
               +--------+--------+--------+--------+--------+-----+--------+
         Total |     50 |     50 |      0 |      0 |     30 |   1 |   50.0 |
       Dungeon |     50 |     50 |      0 |      0 |     30 |   1 |   50.0 |
               +--------+--------+--------+--------+--------+-----+--------+

Top non-repeatable levels by time:
     D:1: 50 daAuts
